 Dungeon Crawl Stone Soup version 0.29.0-11-gd7f09526c8 (webtiles) character file.

Game seed: 8943649235374765784

42 Haiku the Trooper (level 3, 0/33 HPs)
             Began as a Draconian Monk on Sept 4, 2022.
             Slain by an orc
             ... wielding a +0 flail
              (6 damage)
             ... on level 3 of the Dungeon.
             The game lasted 00:02:31 (511 turns).

Haiku the Trooper (Draconian Monk)                   Turns: 511, Time: 00:02:31

Health: 0/33       AC:  5    Str: 13 (15) XL:     3   Next: 35%
Magic:  3/3        EV: 12    Int:  8 (10) God:
Gold:   11         SH:  0    Dex: 10 (13) Spells: 2/2 levels left

rFire   + . .      SeeInvis .   a - +0 falchion
rCold   + . .      Faith    .   (no shield)
rNeg    . . .      Spirit   .   (body armour unavailable)
rPois   +          Reflect  .   (helmet restricted)
rElec   +          Harm     .   (no cloak)
rCorr   +          Rampage  .   (no gloves)
Will    .....                   (no boots)
Stlth   ++........              (no amulet)
HPRegen 0.11/turn               (no ring)
MPRegen 0.08/turn               (no ring)

@: brilliant, resistant
A: AC +5, unfitting armour, cold-blooded
a: no special abilities


You were on level 3 of the Dungeon.
You visited 1 branch of the dungeon, and saw 3 of its levels.

You collected 11 gold pieces.

Inventory:

Hand Weapons
 a - a +0 falchion (weapon)
Missiles
 d - 4 poisoned darts (quivered)
Scrolls
 g - a scroll of enchant armour
Potions
 b - a potion of ambrosia
 e - a potion of resistance


   Skills:
 * Level 3.6 Fighting
 * Level 0.5(2.2) Short Blades
 * Level 3.4(3.5) Long Blades
 * Level 0.2 Throwing
 * Level 3.2 Dodging
 * Level 2.0 Stealth


You had 2 spell levels left.
You didn't know any spells.
Your spell library was empty.

Dungeon Overview and Level Annotations

Branches:
Dungeon (3/15)

Altars:


Innate Abilities, Weirdness & Mutations

Your plain brown scales are hard. (AC +5)
You cannot fit into any form of body armour.
You are cold-blooded and may be slowed by cold attacks.


Message History

Items here: )) [ ††.
You completely miss the orc. The orc misses you.
The orc hits you with a +0 whip.
You hit the orc.
The orc is heavily wounded.
The orc barely misses you. The orc closely misses you.
You hit the orc but do no damage.
The orc is heavily wounded.
The orc hits you with a +0 morningstar! The orc hits you with a +0 whip.
* * * LOW HITPOINT WARNING * * *
You hit the orc. You tail-slap the orc.
You kill the orc!
The orc hits you with a +0 whip.
* * * LOW HITPOINT WARNING * * *
It was a potion of resistance.
You feel protected. The orc hits you but does no damage.
The orc closely misses you.
It was a potion of brilliance.
You feel clever all of a sudden. The orc barely misses you.
The orc hits you but does no damage.
It was a potion of degeneration.
There was something very wrong with that liquid.
You feel weakened.
You feel dopey.
You feel clumsy. The orc closely misses you. The orc hits you with a +0 whip.
* * * LOW HITPOINT WARNING * * *
It was a potion of curing.
You feel better. The orc barely misses you. The orc hits you with a +0 whip.
* * * LOW HITPOINT WARNING * * *
You hit the orc but do no damage. The orc closely misses you.
The orc barely misses you.
You hit the orc but do no damage. The orc barely misses you. x3
The orc hits you with a +0 flail.
* * * LOW HITPOINT WARNING * * *
You hit the orc.
The orc is lightly wounded.
The orc barely misses you. The orc closely misses you.
You closely miss the orc. You tail-slap the orc.
The orc is severely wounded.
The orc barely misses you. The orc hits you with a +0 flail.
You die...

#. #.. #.## #.. #...
#.#+#### #..######
#....... #..#<...#
#....... #..####.#
#....... #.......#
#.[.....
##o##########.o.....
#.@o.........#'####
##############b.o
####o# #


You could see 2 orcs.

Vanquished Creatures
  An orc wizard (D:3)
  2 orcs (D:3)
  3 endoplasms
  A goblin (D:2)
  3 hobgoblins
  A kobold (D:2)
  A ball python (D:1)
  2 bats
  A frilled lizard (D:2)
15 creatures vanquished.

Notes
Turn   | Place    | Note
-------+----------+-------------------------------------------
     0 | D:1      | Haiku the Draconian Monk began the quest for the Orb.
     0 | D:1      | Reached XP level 1. HP: 19/19 MP: 1/1
   276 | D:2      | Reached XP level 2. HP: 26/26 MP: 2/2
   495 | D:3      | Reached XP level 3. HP: 21/33 MP: 3/3
   511 | D:3      | Slain by an orc

Illustrated notes

Levels and vault maps discovered:
D:1:      minmay_arrival_checkered_box, layout_rooms,
          hellmonk_ecumenical_altar_blasted, roderic_roman_lattice,
          minmay_pentomino_v2
D:2:      layout_basic
D:3:      layout_basic, ebering_dispersal_statue_hall,
          small_statue_intersection, kennysheep_jessica_study

Skill      XL: |  1  2 |
---------------+-------+-----
Dodging        | 3 |  3.2
Stealth        | 2 |  2.0
Fighting       | |  3.6
Short Blades   | |  0.5
Long Blades    | |  3.4
Throwing       | |  0.2

Action                   || total
-------------------------++-------
Melee: Falchion          ||    50
       Tailslap          ||     5
       Punch             ||     1
Throw: Dart              ||     8
  Use: Scroll            ||     2
       Potion            ||     4
 Stab: Distracted        ||     1
Armor: Skin              ||    17
Dodge: Dodged            ||    35
